 Dungeon Crawl Stone Soup version 0.31.0-32-g396128a36d (webtiles) character file.

Game seed: 14214754374157368653

1517 PaiMei the Purveyor of Pain (level 8, -2/62 HPs)
             Began as a Demonspawn Necromancer on Mar 27, 2024.
             Was an Initiate of Kikubaaqudgha.
             Hit by a boomerang thrown by an orc (4 damage)
             ... on level 6 of the Dungeon.
             The game lasted 00:08:04 (5640 turns).

PaiMei the Purveyor of Pain (DsNe)                  Turns: 5640, Time: 00:08:04

Health: -2/62      AC:  7    Str: 14    XL:     8   Next: 54%
Magic:  4/15       EV: 14    Int: 17    God:    Kikubaaqudgha [......]
Gold:   306        SH:  0    Dex: 17    Spells: 4/17 levels left

rFire   . . .        x - +1 dagger (venom)
rCold   + . .        (no shield)
rNeg    + . .        t - +3 leather armour {rC+}
rPois   .            o - +0 helmet
rElec   .            (no cloak)
rCorr   .            (no gloves)
SInv    .            (no boots)
Will    .....        (no amulet)
Stlth   +++          q - +6 ring of strength
HPRegen 0.30/turn    a - ring of positive energy
MPRegen 0.28/turn

%: no passive effects
@: very slightly contaminated
A: thin skeletal structure 1, magic regeneration, demonic magic 2
a: Renounce Religion


You were on level 6 of the Dungeon.
You worshipped Kikubaaqudgha.
Kikubaaqudgha was noncommittal.
You visited 2 branches of the dungeon, and saw 7 of its levels.

You collected 306 gold pieces.

Inventory:

Hand Weapons
 x - a +1 dagger of venom (weapon)
Missiles
 y - 11 poisoned darts (quivered)
Armour
 j - a +0 kite shield
 o - a +0 helmet (worn)
 t - a +3 leather armour of cold resistance (worn)
Jewellery
 a - a ring of positive energy (right hand)
 d - a ring of ice
 p - a ring of flight
 q - a +6 ring of strength (left hand)
 A - a ring of protection from fire
Wands
 k - a wand of digging (8)
 s - a wand of roots (7)
 u - a wand of charming (7)
 v - a wand of mindburst (11)
 B - a wand of acid (3)
Scrolls
 i - a scroll of enchant weapon {unknown}
 m - a scroll of fog {unknown}
 n - 3 scrolls of identify {unknown}
 w - a scroll of vulnerability {unknown}
 z - a scroll of enchant armour {unknown}
 C - a scroll of amnesia {unknown}
Potions
 b - a potion of magic
 c - a potion of might {unknown}
 e - a potion of heal wounds {unknown}
 f - 6 potions of curing
 g - 4 potions of cancellation {unknown}
 h - 2 potions of mutation {unknown}
 l - 3 potions of enlightenment {unknown}
 r - 3 potions of berserk rage {unknown}
 D - a potion of lignification {unknown}


   Skills:
 + Level 5.1 Fighting
 + Level 5.1 Dodging
 - Level 2.0 Stealth
 + Level 5.2 Spellcasting
 + Level 7.3 Necromancy


You had 4 spell levels left.
You knew the following spells:

 Your Spells              Type           Power      Damage    Failure   Level
a - Necrotise             Necr           100%       1d9       1%          1
b - Vampiric Draining     Necr           29%        2d8       2%          3
c - Animate Dead          Necr           29%        N/A       9%          4
d - Curse of Agony        Necr           29%        N/A       24%         5

Your spell library contained the following spells:

 Spells                   Type           Power      Damage    Failure   Level
 Momentum Strike          Conj/Tloc      8%         3d8       26%         2
 Ozocubu's Armour         Ice            4%         N/A       47%         3
 Teleport Other           Tloc           4%         N/A       47%         3
 Vhi's Electric Charge    Tloc/Air       8%         N/A       87%         4


Dungeon Overview and Level Annotations

Branches:
Dungeon (6/15)             Temple (1/1) D:6

Altars:
Ashenzari
Cheibriados
Dithmenos
Fedhas
Gozag
Hepliaklqana
Kikubaaqudgha
Makhleb
Nemelex Xobeh
Okawaru
Ru
Sif Muna
Trog
Uskayaw
Wu Jian
Xom
Yredelemnul

Shops:
D:2 [[


Innate Abilities, Weirdness & Mutations

You have a somewhat thin skeletal structure. (Dex +2, Stealth+)
You regenerate magic rapidly.
Spells you cast may paralyse nearby enemies.


Message History

Casting: Vampiric Draining (dangerous; 2% risk of failure)
Confirm with . or Enter, or press ? or * to list all spells.
You don't have enough magic to cast this spell.
Casting: Vampiric Draining (dangerous; 2% risk of failure)
Confirm with . or Enter, or press ? or * to list all spells.
You don't have enough magic to cast this spell.
Casting: Vampiric Draining (dangerous; 2% risk of failure)
Confirm with . or Enter, or press ? or * to list all spells.
You don't have enough magic to cast this spell.
You closely miss the orc priest.
The orc priest miscasts a cantrip.
Casting: Vampiric Draining (dangerous; 2% risk of failure)
Confirm with . or Enter, or press ? or * to list all spells.
You don't have enough magic to cast this spell.
You hit the orc priest.
The orc priest is poisoned.
The orc priest is moderately wounded.
The orc priest hits you with a +0 hand axe.
* * * LOW HITPOINT WARNING * * *
Casting: Vampiric Draining (dangerous; 2% risk of failure)
Confirm with . or Enter, or press ? or * to list all spells.
You don't have enough magic to cast this spell.
You hit the orc priest.
The orc priest looks as sick as possible!
The orc priest is moderately wounded.
The orc priest hits you but does no damage.
You hit the orc priest but do no damage.
The orc priest is heavily wounded.
The orc priest hits you but does no damage.
You barely miss the orc priest.
The orc priest is almost dead.
You kill the orc priest!
Kikubaaqudgha accepts your kill.
Casting: Vampiric Draining (dangerous; 2% risk of failure)
Confirm with . or Enter, or press ? or * to list all spells.
You can't see any susceptible monsters within range! (Use Z to cast anyway.) Deactivating autopickup; reactivate with Ctrl-A.
You hit something. Something hits you but does no damage.
The orc throws a boomerang.
The boomerang hits you.
You die...
Kikubaaqudgha rasps: "You have failed me!
Welcome... death!"

.....##..#.###)# #..#.
#.........).# ##.##
####.###...## #.## ##.#
#...########.## ##..#
#.....)....#..# #..##
#..#.......##.# #.##
##..........##.#
###.####.[.[.......##..
#...o)@...##...(...###.
#.##.####.##.......# #.
#.#..# #.####.##### ##
..=o## #.# #.# # ....#
#.# #.# # #.#.## #.#
#.#### ..#.# #.#
#....## #.o..# ..#
####..#### #. #..
##.....


You could see an orc.

Vanquished Creatures
  Sigmund (D:2)
  Duvessa (D:6)
  2 black bears (D:5)
  A sky beast (D:6)
  2 centaurs (D:5)
  2 scorpions
  Dowan (D:6)
  4 hounds
  2 jellies
  2 orc priests (D:6)
  3 iguanas (D:5)
  Ijyb (D:3)
  Terence (D:3)
  4 orc wizards
  A sleepcap (D:6)
  Robin (D:2)
  4 adders
  A gnoll (D:1)
  A shadow imp (D:5)
  2 ribbon worms (D:2)
  16 orcs
  9 bats
  6 endoplasms
  3 giant cockroaches
  14 goblins
  9 hobgoblins
  3 quokkas
  5 ball pythons
  2 frilled lizards
  2 kobolds
  2 rats
108 creatures vanquished.

Vanquished Creatures (collateral kills)
  An orc (D:4)
  A goblin (D:2)
  A hobgoblin (D:2)
  A ball python (D:3)
  A rat (D:2)
5 creatures vanquished.

Grand Total: 113 creatures vanquished

Notes
Turn   | Place    | Note
-------+----------+-------------------------------------------
     0 | D:1      | PaiMei the Demonspawn Necromancer began the quest for the
                  | Orb.
     0 | D:1      | Reached XP level 1. HP: 13/13 MP: 3/3
   389 | D:1      | Gained mutation: Spells you cast may paralyse adjacent
                  | enemies. [demonic ancestry]
   389 | D:1      | Reached XP level 2. HP: 15/19 MP: 0/5
  1044 | D:1      | Reached XP level 3. HP: 25/25 MP: 2/6
  1332 | D:2      | Noticed Robin
  1338 | D:2      | Found Zabiegish's Armour Emporium.
  1435 | D:2      | Reached skill level 1 in Fighting
  1638 | D:2      | Noticed a scorpion
  1652 | D:2      | Killed a scorpion
  1653 | D:2      | Reached skill level 5 in Necromancy
  1653 | D:2      | Gained mutation: Spells you cast may paralyse nearby
                  | enemies. [demonic ancestry]
  1653 | D:2      | Reached XP level 4. HP: 33/33 MP: 0/8
  1749 | D:2      | Noticed Sigmund
  1767 | D:2      | Killed Sigmund
  1768 | D:2      | Gained mutation: You regenerate magic rapidly. [demonic
                  | ancestry]
  1768 | D:2      | Reached XP level 5. HP: 25/39 MP: 5/9
  1768 | D:2      | Reached XP level 6. HP: 30/46 MP: 5/10
  1839 | D:2      | Found Hueczuetz's Armour Emporium.
  2031 | D:2      | Killed Robin
  2359 | D:2      | Found a faded altar of an unknown god.
  2781 | D:3      | Noticed Ijyb
  2986 | D:3      | Noticed Terence
  2996 | D:3      | Killed Terence
  3157 | D:3      | Killed Ijyb
  3409 | D:3      | Learned a level 3 spell: Vampiric Draining
  3414 | D:3      | Learned a level 4 spell: Animate Dead
  3940 | D:4      | Got Sif Muna's Omnibus of the Discontinuous Glacier
  4078 | D:5      | Entered Level 5 of the Dungeon
  4140 | D:5      | Reached skill level 6 in Necromancy
  4140 | D:5      | Reached XP level 7. HP: 52/52 MP: 9/12
  4494 | D:5      | Found an iron altar of Okawaru.
  4650 | D:5      | Found a sacrificial altar of Ru.
  4650 | D:5      | Found a hide-covered altar of Uskayaw.
  4651 | D:5      | Found an ancient bone altar of Kikubaaqudgha.
  4668 | D:5      | Became a worshipper of Kikubaaqudgha
  4799 | D:5      | Gained mutation: You have a somewhat thin skeletal
                  | structure. (Dex +2, Stealth+) [demonic ancestry]
  4799 | D:5      | Reached XP level 8. HP: 25/61 MP: 5/14
  5133 | D:6      | Learned a level 5 spell: Curse of Agony
  5221 | D:6      | Noticed Duvessa
  5225 | D:6      | Noticed Dowan
  5231 | D:6      | Killed Duvessa
  5242 | D:6      | Killed Dowan
  5243 | D:6      | Reached skill level 7 in Necromancy
  5292 | D:6      | Found a staircase to the Ecumenical Temple.
  5301 | Temple   | Entered the Ecumenical Temple
  5366 | D:6      | Reached skill level 5 in Dodging
  5366 | D:6      | Reached skill level 5 in Spellcasting
  5582 | D:6      | Reached skill level 5 in Fighting
  5633 | D:6      | HP: 1/62 [orc priest/divine providence (15)]
  5640 | D:6      | Hit by a boomerang thrown by an orc

Illustrated notes

Levels and vault maps discovered:
D:1:      dpeg_arrival_orchard, layout_basic
D:2:      layout_loops_ring, hellmonk_ecumenical_altar_defaced_shrine,
          serial_shops, nicolae_shop_gibbet_a_chance, nicolae_diamond_shop,
          minmay_misc_feat_room, uniq_robin, uniq_sigmund
D:3:      layout_loops_ring, hangedman_feature_mirror, uniq_terence, uniq_ijyb
D:4:      layout_rooms
D:5:      layout_gridville, okawaru_trees_1, gammafunk_temple_overflow_claw,
          hangedman_decor_riveting
D:6:      layout_rooms, nicolae_qazlal_style_of_elements,
          minmay_temple_entry_statues_fountains, uniq_duvessa
Temple:   regret_index_temple_waves

Skill      XL: |  1  2  3  4  5  6  7  8 |
---------------+-------------------------+-----
Stealth        | 2 |  2.0
Dodging        | 2 3 4 5 |  5.1
Fighting       | 1 2 3 4 5 |  5.1
Necromancy     | 5 6 7 |  7.3
Spellcasting   | 3 4 5 |  5.2

Action                     |  1- 3 |  4- 6 |  7- 9 || total
---------------------------+-------+-------+-------++-------
  Melee: Unarmed           |     3 |       |       ||     3
         Short sword       |     5 |    22 |       ||    27
         Punch             |       |     1 |       ||     1
         Dagger            |       |     7 |    41 ||    48
   Cast: Necrotise         |    69 |    99 |    62 ||   230
         Vampiric Draining |       |       |    18 ||    18
    Use: Potion            |       |     1 |       ||     1
   Stab: Paralysed         |     2 |    15 |     4 ||    21
 Armour: Robe              |    16 |    10 |       ||    26
         Leather armour    |       |    19 |    33 ||    52
  Dodge: Dodged            |    17 |    25 |    33 ||    75
